 Dungeon Crawl Stone Soup version 0.27-a0-1579-g97d2440184 (webtiles) character file.

Game seed: 7108929363579930378

7 flotson the Sneak (level 1, 0/18 HPs)
             Began as a Demonspawn Delver on July 18, 2021.
             Slain by an adder (2 damage)
             ... on level 5 of the Dungeon.
             The game lasted 00:01:34 (212 turns).

flotson the Sneak (Demonspawn Delver)                Turns: 212, Time: 00:01:34

Health: 0/18       AC:  3    Str: 12    XL:     1   Next: 91%
Magic:  1/1        EV: 12    Int: 11    God:
Gold:   9          SH:  0    Dex: 14    Spells: 0/0 levels left

rFire    . . .     SeeInvis .   a - +0 hand axe
rCold    . . .     Faith    .   (no shield)
rNeg     . . .     Spirit   .   b - +0 leather armour
rPois    .         Reflect  .   (no helmet)
rElec    .         Harm     .   (no cloak)
rCorr    .         Rampage  .   (no gloves)
Will     .....                  (no boots)
Stlth    ++........             (no amulet)
HPRegen  0.06/turn              (no ring)
MPRegen  0.07/turn              (no ring)

@: lethally poisoned (0 -> -3)
A: no striking features
a: no special abilities


You were on level 5 of the Dungeon.
You visited 1 branch of the dungeon, and saw 1 of its levels.

You collected 9 gold pieces.

Inventory:

Hand Weapons
 a - a +0 hand axe (weapon)
Armour
 b - a +0 leather armour (worn)
Wands
 g - a wand of digging (2)
Scrolls
 c - a scroll of fog


   Skills:
 + Level 3.1 Fighting
 + Level 2.0 Axes
 + Level 0.4 Armour
 + Level 2.0 Dodging
 - Level 4.5 Stealth


You couldn't memorise any spells.
You didn't know any spells.
Your spell library was empty.

Dungeon Overview and Level Annotations

Branches:
Dungeon (5/15)
 Temple: D:4-7

Altars:


Message History

Found a short sword.
The adder hisses angrily.
Your extra speed is starting to run out.
You feel yourself slow down.
An adder comes into view.
Okay, then.
The helpless adder fails to defend itself.
You hit the adder.
The adder is lightly wounded.
The adder bites you but does no damage. The adder bites you.
As you read the scroll of fear, it crumbles to dust.
You assume a fearsome visage.
The adder looks frightened! x2
As you read the scroll of magic mapping, it crumbles to dust.
You feel aware of your surroundings.
You sensed 1 shop/portal.
Cornered, the adder turns to fight!
Unknown command.
Aiming: Dig
Press: ? - help, Shift-Dir - straight line The rock shatters into small pieces.
Cornered, the adder turns to fight!
The adder misses you. The adder bites you. The adder misses you.
The adder bites you but does no damage. The adder barely misses you.
Found a robe.
The adder bites you.
A jackal comes into view.
The adder bites you.
* * * LOW HITPOINT WARNING * * *
You see here a +0 robe.
An ufetubus comes into view. 2 jackals come into view.
The adder barely misses you.
The ufetubus shouts!
An orc comes into view. It is wielding a +0 dagger.
The ufetubus barely misses you. x2; The adder bites you.
* * * LOW HITPOINT WARNING * * *
You are lethally poisoned!
The adder poisons you! The ufetubus barely misses you.
The ufetubus closely misses you. The adder bites you.
You die...

#####..#..#####..#,,,****,*
##.............#.##*,,..,**
.#.#####..........###...,*
#.##**,#....h..h....#.##,*
##.....#..[.....h.......,** **
*....#.................,,*** *,
*...##.................,,,,****,
**.##.##.......S5.......,,,,,,**,
#..# ###.......S@..###.,,,,,,,,,,
..##***#.....##.....#**,,,,,,,,,,
#,,,,,...........#......,,,,,,,<,
***,,,....#.....##......,,,,,**,,
*,,,....###...#,,.###.,,,,,***,
**,,,,...#*##...,,.# *,**,,** *,
**,,*,,...#*,....,,,# *,,*,,* *,
#.,****...,,.##.,,,,****,,,** ***
.#** *..*,*****,,,,,**,***,***,,


You could see 2 adders, an ufetubus and 3 jackals.

Vanquished Creatures
  A shadow imp (D:5)
1 creature vanquished.

Notes
Turn   | Place    | Note
-------+----------+-------------------------------------------
     0 | D:5      | flotson the Demonspawn Delver began the quest for the Orb.
     0 | D:5      | Reached XP level 1. HP: 18/18 MP: 1/1
    46 | D:5      | Noticed a hound
   212 | D:5      | Slain by an adder

Illustrated notes

Levels and vault maps discovered:
D:5:      kennysheep_big_flooded_room, layout_layer_cave, portal_sewer_entry_a

Skill      XL: |  1 |
---------------+----+-----
Axes           | 2 |  2.0
Dodging        | 2 |  2.0
Fighting       | |  3.1
Armour         | |  0.4
Stealth        | |  4.5

Action                   || total
-------------------------++-------
Melee: Hand axe          ||     9
Evoke: Wand              ||     1
  Use: Scroll            ||     2
       Potion            ||     1
 Stab: Sleeping          ||     1
Armor: Leather armour    ||     3
Dodge: Dodged            ||     9

Table legend: (Time is in decaauts)
 A = Elapsed time spent in this place.
 B = Non-inter-level travel time spent in this place.
 C = Inter-level travel time spent in this place.
 D = Time resting spent in this place.
 E = Time spent auto-exploring this place.
 F = Levels seen in this place.
 G = Mean time per level.
                   A        B        C        D        E       F      G
               +--------+--------+--------+--------+--------+-----+--------+
         Total |    196 |    196 |      0 |      0 |     37 |   1 |  196.0 |
       Dungeon |    196 |    196 |      0 |      0 |     37 |   1 |  196.0 |
               +--------+--------+--------+--------+--------+-----+--------+

Top non-repeatable levels by time:
     D:5: 196 daAuts
